 Dungeon Crawl Stone Soup version 0.21-a0-613-g5d64845 (webtiles) character file.

44 slep the Chopper (level 3, 0/27 HPs)
             Began as a Vine Stalker Gladiator on Dec 22, 2017.
             Succumbed to an adder's poison
             ... on level 2 of the Dungeon.
             The game lasted 00:03:21 (763 turns).

slep the Chopper (Vine Stalker Gladiator)            Turns: 763, Time: 00:03:21

Health: 0/27       AC: 21    Str: 16    XL:     3   Next: 62%
Magic:  2/4        EV:  2    Int:  8    God:
Gold:   51         SH:  0    Dex: 18    Spells: 2/2 levels left

rFire    . . .     SeeInvis +   a - +0 war axe
rCold    . . .     Gourm    +   (no shield)
rNeg     + + +     Faith    .   (armour currently unavailable)
rPois    +         Spirit   +   (helmet currently unavailable)
rElec    .         Reflect  .   (cloak currently unavailable)
rCorr    .         Harm     .   (gloves currently unavailable)
MR       .....     NoTele   +   (boots currently unavailable)
Stlth    ++........             m - amulet of the gourmand
HPRegen  0.09/turn              r - ring of see invisible
MPRegen  0.09/turn              (no ring)

@: lethally poisoned (0 -> -7), tree-form
A: agile 1, screaming 1, magic shield, no potion heal 3, rot immunity
a: no special abilities


You were on level 2 of the Dungeon.
You were very full.
You were a tree.
You visited 1 branch of the dungeon, and saw 2 of its levels.

You collected 51 gold pieces.

Inventory:

Hand Weapons
 a - a +0 war axe (weapon)
Missiles
 d - 3 throwing nets
 e - 2 javelins (quivered)
 k - 30 sling bullets
Armour
 b - a +0 leather armour (melded)
 c - a +0 helmet (melded)
Jewellery
 m - an amulet of the gourmand (around neck)
 r - a ring of see invisible (left branch)
Scrolls
 g - a scroll of fog {unknown}
 h - a scroll of teleportation {unknown}
 n - 2 scrolls of remove curse {unknown}
 p - a scroll of enchant weapon {unknown}
 q - 2 scrolls of identify {unknown}
Potions
 j - a potion of resistance {unknown}
Comestibles
 f - 2 rations


   Skills:
 + Level 2.2 Fighting
 + Level 3.2 Axes
 + Level 2.0 Throwing
 + Level 0.3 Armour
 + Level 2.8 Dodging


You had 2 spell levels left.
You didn't know any spells.

Dungeon Overview and Level Annotations

Branches:
Dungeon (2/15)

Altars:


Innate Abilities, Weirdness & Mutations

((You have extremely sharp teeth.))
When hurt, damage is shared between your health and your magic reserves.
((Your bite disrupts and absorbs the magic of your enemies.))
Potions cannot restore your health.
You are immune to rotting.
((You are partially covered in molten scales. (AC +2)))
You are agile. (Dex +2)
You occasionally shout uncontrollably at your foes.


Message History

The hobgoblin barely misses you.
You slash the adder!
You kill the adder!
You hit the hobgoblin but do no damage.
* * * LOW HITPOINT WARNING * * *
You feel sick. The bat hits you but does no damage.
The hobgoblin barely misses you.
It was a potion of lignification.
You turn into a tree.
Your +0 helmet melds into your body.
Your +0 leather armour melds into your body.
Your roots penetrate the ground.
The bat hits you but does no damage.
The hobgoblin hits you but does no damage.
It was a potion of mutation.
You feel extremely strange.
You feel the urge to shout.
You feel agile.
Molten scales grow over part of your body.
* * * LOW HITPOINT WARNING * * *
You feel sick. The bat hits you but does no damage.
The hobgoblin barely misses you.
It was a potion of flight.
Your roots keep you in place.
You die...

# ########.....#
####..........#.###
#....#######..#.#
#...............#
#....#.#.###..#.#
#........# #..#.#
....##.#.###..#.#####
....##.#........†...#
.†..............♣†b.#
....##.#.###..##g....#
....##........##........
....####.###..##........
....# .# #. #........
....# #.# #. +.)......
....# #.#### ##........
#.######.... .####+###.#
..# #......##.##


You could see a hobgoblin and a bat.

Vanquished Creatures
  2 adders (D:2)
  2 dart slugs
  A leopard gecko (D:2)
  2 bats (D:1)
  A goblin (D:2)
  A hobgoblin (D:2)
  3 jackals (D:1)
  3 kobolds (D:1)
  2 ball pythons
  2 frilled lizards
  4 rats
23 creatures vanquished.

Notes
Turn   | Place    | Note
-------+----------+-------------------------------------------
     0 | D:1      | slep the Vine Stalker Gladiator began the quest for the Orb.
     0 | D:1      | Reached XP level 1. HP: 11/11 MP: 2/2
   103 | D:1      | Reached XP level 2. HP: 15/15 MP: 3/3
   723 | D:2      | Reached skill level 3 in Axes
   723 | D:2      | Reached XP level 3. HP: 14/18 MP: 1/4
   762 | D:2      | Gained mutation: You occasionally shout uncontrollably at your foes. [potion of mutation]
   762 | D:2      | Gained mutation: You are agile. (Dex +2) [potion of mutation]
   762 | D:2      | Gained mutation: You are partially covered in molten scales. (AC +2) [potion of mutation]
   762 | D:2      | HP: 1/27 [poisoned by an adder]
   763 | D:2      | Succumbed to an adder's poison

Vault maps used:
D:1:      evilmike_arrival_crescent, hangedman_decor_riveting,
          minmay_misc_feat_nine_boxes, st_stairs_11, roderic_malta_cross
D:2:      lightli_temple_of_fire, first_ration

Skill      XL: |  1  2 |
---------------+-------+-----
Fighting       | 2 |  2.2
Axes           | 3 |  3.2
Throwing       | 2 |  2.0
Armour         | |  0.3
Dodging        | |  2.8

Action                   || total
-------------------------++-------
Melee: War axe           ||    63
       Bite              ||     9
  Use: Potion            ||     3
  Eat: Chunk             ||    11
Armor: Leather armour    ||    31
       Skin              ||     3
Dodge: Dodged            ||    65

Table legend:
 A = Spawn XP
 B = Non-spawn XP
 C = Spawn XP percentage of total XP
 D = Spawn monster count
 E = Non-spawn monster count
 F = Spawn count percentage of total count
 G = Total turns spent on level
                    A         B        C        D         E        F      G
               +---------+---------+-------+---------+---------+-------+---------
         Total |       0 |      64 |   0.0 |       0 |      23 |   0.0 |   763
               +---------+---------+-------+---------+---------+-------+---------
           D:1 |       0 |      24 |   0.0 |       0 |      14 |   0.0 |   596
           D:2 |       0 |      40 |   0.0 |       0 |       9 |   0.0 |   167
               +---------+---------+-------+---------+---------+-------+---------
